 Dungeon Crawl Stone Soup version 0.28-a0-1429-gf3d713df7a (webtiles) character file.

Game seed: 15278955044962928130

108 HallandMoats the Skirmisher (level 4, -1/29 HPs)
             Began as a Gargoyle Fighter on Jan 9, 2022.
             Slain by a kobold (3 damage)
             ... on level 3 of the Dungeon.
             The game lasted 00:02:37 (2368 turns).

HallandMoats the Skirmisher (Gargoyle Fighter)      Turns: 2368, Time: 00:02:38

Health: -1/29      AC: 10    Str: 19    XL:     4   Next: 87%
Magic:  4/4        EV:  9    Int:  9    God:
Gold:   77         SH:  4    Dex: 11    Spells: 3/3 levels left

rFire   . . .      SeeInvis .   a - +0 war axe
rCold   . . .      Faith    .   c - +0 buckler
rNeg    + . .      Spirit   .   b - +0 scale mail
rPois   ∞          Reflect  .   (no helmet)
rElec   +          Harm     .   (no cloak)
rCorr   .          Rampage  .   (no gloves)
Will    .....                   (no boots)
Stlth   ..........              (no amulet)
HPRegen 0.09/turn               (no ring)
MPRegen 0.09/turn               (no ring)

@: mighty
A: sickness immunity, AC +3, negative energy resistance 1, electricity
resistance, torment resistance 1, petrification resistance
a: no special abilities


You were on level 3 of the Dungeon.
You visited 1 branch of the dungeon, and saw 3 of its levels.

You collected 77 gold pieces.

Inventory:

Hand Weapons
 a - a +0 war axe (weapon)
Armour
 b - a +0 scale mail (worn)
 c - a +0 buckler (worn)
Scrolls
 e - 2 scrolls of vulnerability {unknown}
 f - a scroll of enchant armour {unknown}
 g - a scroll of teleportation {unknown}
 i - a scroll of fear {unknown}
 j - a scroll of blinking {unknown}
 k - a scroll of identify {unknown}
Potions
 h - a potion of magic {unknown}
 l - a potion of mutation {unknown}


   Skills:
 * Level 4.2 Fighting
 + Level 2.5 Axes
 + Level 3.9 Armour
 + Level 1.1 Dodging
 + Level 3.8 Shields


You had 3 spell levels left.
You didn't know any spells.
Your spell library contained the following spells:

 Spells                   Type           Power      Damage    Failure   Level
 Ignite Poison            Fire/Tmut/Pois 0%         N/A       99%         3
 Mephitic Cloud           Conj/Pois/Air  0%         N/A       99%         3
 Freezing Cloud           Conj/Ice/Air   0%         6-21      100%        5


Dungeon Overview and Level Annotations

Branches:
Dungeon (3/15)

Altars:


Innate Abilities, Weirdness & Mutations

You are immune to sickness and miasma.
Your stone body is resilient. (AC +3)
You are immune to poison.
You resist negative energy. (rN+)
You are resistant to electric shocks. (rElec)
You are resistant to unholy torment.
You are immune to petrification.


Message History

You pick up a Trismegistus Codex and begin reading...
You add the spells Ignite Poison, Mephitic Cloud and Freezing Cloud to your library.
Found a stone staircase leading up.
Key pressed, stopping explore.
Key pressed, stopping explore.
An ogre comes into view. It is wielding a +0 giant club.
The ogre shouts!
An ogre is nearby!
An ogre is nearby!
An ogre is nearby!
A quokka and 2 kobolds come into view.
The kobold shouts! x2
The ogre hits you with a +0 giant club!!
Ouch! That really hurt!
* * * LOW HITPOINT WARNING * * *
You are too injured to fight recklessly!
You are too injured to fight recklessly!
The kobold throws a stone.
You block the stone.
The kobold throws a stone.
You block the stone.
There is a stone staircase leading up here.
You climb upwards.
There is a stone staircase leading down here.
You start resting.
HP restored.
You start waiting.
Done waiting.
You feel very mighty all of a sudden.
You climb downwards.
The quokka barely misses you. The ogre closely misses you.
The quokka bites you but does no damage.
The kobold closely misses you.
The ogre hits you with a +0 giant club!!
Ouch! That really hurt!
* * * LOW HITPOINT WARNING * * *
There is a stone staircase leading up here.
You hit the ogre.
The ogre is moderately wounded.
You hit the kobold but do no damage. You barely miss the quokka.
The quokka barely misses you.
The kobold hits you with a +0 short sword.
You die...

#.........#.##.......
#...#...#.#.#<.#.#.#.
#...###.#.#.#........
#..............#.#.#.
#....................
#...............#...#
#...............#.#..
##....#.###.....# # #
#..r@##...........
#..OK######.......#
########........##.......#
#........##K###.#
###########.....# #....##
#....# ## #....#
#..#....####


You could see an ogre, a quokka and 2 kobolds.

Vanquished Creatures
  3 adders (D:2)
  3 gnolls (D:2)
  A worm (D:2)
  2 dart slugs
  5 ball pythons (D:1)
  5 bats
  2 endoplasms (D:1)
  A giant cockroach (D:1)
  4 goblins
  4 hobgoblins
  3 jackals (D:2)
  2 quokkas (D:2)
  3 frilled lizards
  5 kobolds (D:1)
  6 rats
49 creatures vanquished.

Vanquished Creatures (others)
  A jackal (D:2)
1 creature vanquished.

Grand Total: 50 creatures vanquished

Notes
Turn   | Place    | Note
-------+----------+-------------------------------------------
     0 | D:1      | HallandMoats the Gargoyle Fighter began the quest for the
                  | Orb.
     0 | D:1      | Reached XP level 1. HP: 14/14 MP: 1/1
   150 | D:1      | Reached XP level 2. HP: 18/19 MP: 2/2
   633 | D:1      | Reached XP level 3. HP: 23/23 MP: 3/3
  1338 | D:2      | Reached skill level 4 in Fighting
  1338 | D:2      | Reached XP level 4. HP: 26/29 MP: 4/4
  1342 | D:2      | Reached skill level 1 in Dodging
  1973 | D:3      | Noticed an ogre
  2368 | D:3      | Slain by a kobold

Illustrated notes

Levels and vault maps discovered:
D:1:      enne_arrival_octagon_isle, layout_basic
D:2:      layout_basic
D:3:      layout_basic, chequers_temple_overflow_minitemple,
          serial_co_window_serial, co_window_corner_a, co_window_corner_a,
          co_window_of_opportunity_a, co_window_paths_a, co_window_paths_a,
          co_window_2corner, co_window_broadway_c, co_window_cross_3,
          glass_columns_c, uniq_natasha

Skill      XL: |  1  2  3  4 |
---------------+-------------+-----
Axes           | 2 |  2.5
Fighting       | 4 |  4.2
Dodging        | 1 |  1.1
Armour         | |  3.9
Shields        | |  3.8

Action                   |  1- 3 |  4- 6 || total
-------------------------+-------+-------++-------
Melee: War axe           |   119 |    34 ||   153
  Use: Potion            |       |     1 ||     1
Armor: Scale mail        |    70 |    26 ||    96
Dodge: Dodged            |    80 |    29 ||   109
Block: Buckler           |    37 |    13 ||    50

Table legend: (Time is in decaauts)
 A = Elapsed time spent in this place.
 B = Non-inter-level travel time spent in this place.
 C = Inter-level travel time spent in this place.
 D = Time resting spent in this place.
 E = Time spent auto-exploring this place.
 F = Levels seen in this place.
 G = Mean time per level.
                   A        B        C        D        E       F      G
               +--------+--------+--------+--------+--------+-----+--------+
         Total |   2435 |   2368 |     67 |    518 |   1468 |   3 |  811.7 |
       Dungeon |   2435 |   2368 |     67 |    518 |   1468 |   3 |  811.7 |
               +--------+--------+--------+--------+--------+-----+--------+

Top non-repeatable levels by time:
     D:2: 1340 daAuts
     D:1: 1042 daAuts
     D:3: 52 daAuts
